 Dungeon Crawl Stone Soup version 0.23.2-40-g277498a001 (webtiles) character file.

Game seed: 7671165785984982254

168 MalarOregon the Poker (level 5, -5/40 HPs)
             Began as a Merfolk Skald on Aug 23, 2019.
             Slain by Pikel
             ... wielding a +2 whip of flaming
              (6 damage)
             ... on level 4 of the Dungeon.
             The game lasted 00:09:48 (4515 turns).

MalarOregon the Poker (Merfolk Skald)               Turns: 4515, Time: 00:09:49

Health: -5/40      AC:  5    Str: 11    XL:     5   Next: 48%
Magic:  8/8        EV:  8    Int: 18    God:
Gold:   113        SH: 11    Dex: 13    Spells: 3/8 levels left

rFire    + . .     SeeInvis .   a - +0 spear
rCold    x . .     Gourm    .   d - +0 large shield
rNeg     . . .     Faith    .   b - +0 leather armour
rPois    .         Spirit   .   h - +0 helmet
rElec    .         Reflect  .   (no cloak)
rCorr    .         Harm     .   (no gloves)
MR       .....                  j - +0 pair of boots
Stlth    +.........             (no amulet)
HPRegen  0.13/turn              k - +4 ring of intelligence
MPRegen  0.11/turn              n - ring of fire

@: no status effects
A: change form in water, swift swim, stealthy swim
a: no special abilities


You were on level 4 of the Dungeon.
You were not hungry.

You visited 1 branch of the dungeon, and saw 4 of its levels.

You collected 113 gold pieces.

Inventory:

Hand Weapons
 a - a +0 spear (weapon)
 i - a +1 whip of electrocution
   (You took it off a gnoll on level 3 of the Dungeon)
Missiles
 q - 3 javelins of penetration (quivered)
Armour
 b - a +0 leather armour (worn)
 d - a +0 large shield (worn)
   (You found it on level 1 of the Dungeon)
 h - a +0 helmet (worn)
   (You found it on level 2 of the Dungeon)
 j - a +0 pair of boots (worn)
   (You found it on level 2 of the Dungeon)
Jewellery
 k - a +4 ring of intelligence (left hand)
   (You found it on level 2 of the Dungeon)
 n - a ring of fire (right hand)
   (You found it on level 3 of the Dungeon)
Scrolls
 c - a scroll of identify {@r1}
Potions
 f - a potion of berserk rage
 g - 2 potions of might
 l - a potion of flight
Comestibles
 e - 7 rations {!d}
 p - 2 chunks of flesh


   Skills:
 + Level 2.9 Fighting
 * Level 4.4 Polearms
 + Level 1.3 Armour
 + Level 3.5 Dodging
 * Level 2.0 Shields
 + Level 2.4 Spellcasting
 + Level 3.8 Charms


You had 3 spell levels left.
You knew the following spells:

 Your Spells              Type           Power        Failure   Level  Hunger
e - Regeneration          Chrm/Necr      #.........   99%         3    ###....
q - Shroud of Golubria    Chrm/Tloc      #.........   97%         2    ##.....

Your spell library contained the following spells:

 Spells                   Type           Power        Failure   Level  Hunger
 Infusion                 Chrm           ###.         65%         1    #......
 Song of Slaying          Chrm           ###.....     80%         2    ##.....
 Spectral Weapon          Hex/Chrm       #.......     99%         3    ###....


Dungeon Overview and Level Annotations

Branches:
Dungeon (4/15)
 Temple: D:4-7

Altars:

Annotations:
D:4 Pikel


Message History

The howler monkey hoots and howls with incredible vigour!
You block Pikel's attack.
As you read the scroll of identify {@r1}, it crumbles to dust.
l - a potion of flight The howler monkey hits you but does no damage.
Pikel barely misses you.
Okay, then.
Okay, then.
Okay, then.
Unknown command.
Put on which piece of jewellery? (? for menu, Esc to quit)
You feel clever.
k - a +4 ring of intelligence (left hand)
The howler monkey hits you.
* * * LOW HITPOINT WARNING * * *
Put on which piece of jewellery? (? for menu, Esc to quit)
You feel more attuned to fire.
n - a ring of fire (right hand) Pikel hits you with a +2 whip of flaming.
* * * LOW HITPOINT WARNING * * *
Pikel burns you.
* * * LOW HITPOINT WARNING * * *
Wield which item (- for none, * to show all)? (? for menu, Esc to quit)
Your +1 whip of electrocution stops crackling.
a - a +0 spear (weapon)
You block the howler monkey's attack.
Throwing (i - inventory)
q - 5 javelins of penetration (quivered)
Aim: a howler monkey (severely wounded, catching its breath, inner flame)
You throw a javelin of penetration.
The javelin of penetration closely misses the howler monkey.
The javelin of penetration barely misses the orc.
The javelin of penetration pierces through the orc but does no damage.
The javelin of penetration barely misses the orc.
The javelin of penetration pierces through the orc but does no damage.
Pikel hits you but does no damage.
The howler monkey hoots and howls with incredible vigour!
You block the howler monkey's attack. Pikel hits you but does no damage.
You hear a shout!
Throwing (i - inventory)
q - 4 javelins of penetration (quivered)
Aim: a howler monkey (severely wounded, catching its breath, inner flame)
You throw a javelin of penetration.
The javelin of penetration pierces through the howler monkey.
The javelin of penetration closely misses the orc.
The javelin of penetration pierces through the orc.
The javelin of penetration pierces through the orc but does no damage.
The javelin of penetration pierces through the orc.
The howler monkey hits you.
* * * LOW HITPOINT WARNING * * *
Pikel hits you with a +2 whip of flaming.
You die...

## .. ####o#######
#.(.ooooh@.# .
#.##.#####K#####....
# #ppp.......
#######.... .


You could see Pikel (inner flame), 3 slaves, a howler monkey (inner flame) and 5
orcs.

Vanquished Creatures
  7 gnolls
  2 adders (D:2)
  An ooze (D:1)
  2 worms
  An orc (D:3)
  9 bats
  8 goblins
  8 hobgoblins
  12 jackals
  6 kobolds
  2 quokkas (D:2)
  6 ball pythons
  2 frilled lizards (D:1)
  3 rats
69 creatures vanquished.

Vanquished Creatures (others)
  5 toadstools (D:1)
5 creatures vanquished.

Grand Total: 74 creatures vanquished

Notes
Turn   | Place    | Note
-------+----------+-------------------------------------------
     0 | D:1      | MalarOregon the Merfolk Skald began the quest for the Orb.
     0 | D:1      | Reached XP level 1. HP: 16/16 MP: 3/3
   168 | D:1      | Reached XP level 2. HP: 19/22 MP: 5/5
   513 | D:1      | Reached XP level 3. HP: 22/28 MP: 6/6
   895 | D:1      | Reached skill level 1 in Armour
  1472 | D:1      | Reached skill level 1 in Shields
  1671 | D:1      | HP: 1/28 [gnoll (8)]
  1771 | D:1      | Reached XP level 4. HP: 12/34 MP: 7/7
  2154 | D:2      | Reached skill level 4 in Polearms
  2662 | D:2      | Learned a level 2 spell: Shroud of Golubria
  2666 | D:2      | Learned a level 3 spell: Regeneration
  2818 | D:2      | Reached XP level 5. HP: 38/40 MP: 8/8
  4498 | D:4      | Noticed Pikel
  4503 | D:4      | Noticed a slave
  4504 | D:4      | Noticed a slave
  4505 | D:4      | Noticed a slave
  4512 | D:4      | HP: 2/40 [Pikel/+2 whip of flaming (1)]
  4515 | D:4      | Slain by Pikel

Skill      XL: |  1  2  3  4  5 |
---------------+----------------+-----
Dodging        | 3 |  3.5
Armour         | 1 |  1.3
Shields        | 1 2 |  2.0
Polearms       | 4 |  4.4
Fighting       | |  2.9
Spellcasting   | |  2.4
Charms         | |  3.8

Action                   |  1- 3 |  4- 6 || total
-------------------------+-------+-------++-------
Melee: Spear             |   166 |   238 ||   404
       Whip              |       |     8 ||     8
Throw: Javelin           |       |     2 ||     2
  Use: Scroll            |       |     7 ||     7
 Stab: Sleeping          |     1 |       ||     1
  Eat: Chunk             |     2 |     7 ||     9
       Ration            |       |     1 ||     1
Armor: Leather armour    |    38 |    53 ||    91
Dodge: Dodged            |    60 |    66 ||   126
Block: Large shield      |    56 |   108 ||   164
